 Dungeon Crawl Stone Soup version 0.31-a0-949-g57150269e1 (webtiles) character file.

Game seed: 9181157098131377100

15708 voltaire321 the Covert (level 12, -7/75 HPs)
             Began as a Kobold Enchanter on Oct 21, 2023.
             Was a Believer of Wu Jian.
             Mangled by a boulder beetle (9 damage)
             ... on level 3 of the Lair of Beasts.
             The game lasted 00:37:25 (12504 turns).

voltaire321 the Covert (Kobold Enchanter)          Turns: 12504, Time: 00:37:26

Health: -7/75      AC: 11    Str:  9    XL:     12   Next: 61%
Magic:  3/19       EV: 19    Int: 18    God:    Wu Jian [**....]
Gold:   521        SH:  0    Dex: 15    Spells: 10/21 levels left

rFire   . . .        j - +2 short sword (vamp)
rCold   . . .        (no shield)
rNeg    + . .        z - +0 steam dragon scales
rPois   +            v - +2 helmet
rElec   .            (no cloak)
rCorr   .            u - +1 pair of gloves
SInv    .            (no boots)
Will    .....        F - amulet of the acrobat
Stlth   ++++++       o - ring of poison resistance
HPRegen 0.32/turn    G - ring of positive energy
MPRegen 0.16/turn

%: acrobat
@: about to teleport
A: small, no large weapons, nightstalker 3
a: Renounce Religion, Wall Jump


You were on level 3 of the Lair of Beasts.
You worshipped Wu Jian.
Wu Jian was pleased with you.
You visited 3 branches of the dungeon, and saw 13 of its levels.
You also visited: Sewer.

You collected 521 gold pieces.

Inventory:

Hand Weapons
 a - a +1 dagger
 j - a +2 vampiric short sword (weapon)
 w - a +1 rapier
Missiles
 l - 32 poisoned darts
 r - a throwing net
Armour
 b - a +1 leather armour of cold resistance
 u - a +1 pair of gloves (worn)
 v - a +2 helmet (worn)
 z - +0 steam dragon scales (worn)
Jewellery
 o - a ring of poison resistance (left hand)
 y - a ring of fire
 E - a ring of protection from fire
 F - an amulet of the acrobat (around neck)
 G - a ring of positive energy (right hand)
Talismans
 p - a maw talisman
 D - a serpent talisman
Wands
 g - a wand of charming (4)
 q - a wand of flame (39)
 s - a wand of light (8)
 A - a wand of digging (6)
Scrolls
 e - 2 scrolls of identify
 f - 2 scrolls of immolation
 k - 3 scrolls of teleportation
Potions
 c - 3 potions of invisibility
 d - 3 potions of attraction
 h - 2 potions of enlightenment
 i - 3 potions of lignification
 m - a potion of cancellation
 n - 2 potions of curing
 t - a potion of mutation
 x - a potion of resistance
 B - a potion of might
 C - 3 potions of brilliance


   Skills:
 + Level 8.5 Fighting
 - Level 10.0 Short Blades
 - Level 5.0 Armour
 + Level 9.6 Dodging
 + Level 11.6 Stealth
 - Level 5.0 Spellcasting
 + Level 8.4 Hexes
 - Level 6.0 Ice Magic


You had 10 spell levels left.
You knew the following spells:

 Your Spells              Type           Power      Damage    Failure   Level
a - Ensorcelled Hibernat  Hex/Ice        60%        N/A       1%          2
b - Jinxbite              Hex            68%        N/A       1%          2
c - Tukima's Dance        Hex            34%        N/A       1%          3
d - Apportation           Tloc           8%         N/A       13%         1
e - Frozen Ramparts       Ice            52%        1d8       3%          3

Your spell library contained the following spells:

 Spells                   Type           Power      Damage    Failure   Level
 Freeze                   Ice            100%       1d10      1%          1
 Confusing Touch          Hex            34%        N/A       1%          3
 Ozocubu's Armour         Ice            26%        N/A       3%          3
 Dazzling Flash           Conj/Hex       38%        N/A       7%          3
 Inner Flame              Hex/Fire       19%        N/A       7%          3
 Hailstorm                Conj/Ice       15%        3d5       12%         3
 Magic Dart               Conj           16%        1d3       13%         1
 Necrotise                Necr           16%        1d4       13%         1
 Metabolic Englaciation   Hex/Ice        15%        N/A       19%         5
 Blink                    Tloc           8%         N/A       21%         2
 Call Imp                 Summ           8%         N/A       21%         2
 Lesser Beckoning         Tloc           8%         N/A       21%         2
 Momentum Strike          Conj/Tloc      8%         3d8       21%         2
 Poisonous Vapours        Pois/Air       8%         N/A       21%         2
 Searing Ray              Conj           8%         2d4       21%         2
 Static Discharge         Conj/Air       8%         3-4/arc   21%         2
 Fulminant Prism          Conj/Hex       9%         3d7       24%         4
 Ignite Poison            Fire/Tmut/Pois 4%         N/A       36%         3
 Mephitic Cloud           Conj/Pois/Air  4%         N/A       36%         3
 Vampiric Draining        Necr           4%         2d6       36%         3
 Volatile Blastmotes      Fire/Tloc      8%         2d10      36%         3
 Airstrike                Air            2%         2d(1-17)  78%         4
 Animate Dead             Necr           4%         N/A       78%         4
 Flame Wave               Conj/Fire      4%         2d5       78%         4
 Petrify                  Tmut/Erth      4%         N/A       78%         4
 Sticky Flame             Conj/Fire      4%         2d3       78%         4
 Summon Lightning Spire   Summ/Air       4%         N/A       78%         4
 Freezing Cloud           Conj/Ice/Air   5%         6-21      85%         5
 Agony                    Necr           4%         N/A       98%         5
 Alistair's Intoxication  Tmut/Pois      2%         N/A       98%         5
 Starburst                Conj/Fire      2%         6d3       100%        6
 Haunt                    Necr/Summ      2%         N/A       100%        7
 Ozocubu's Refrigeration  Ice            13%        4d10      100%        7
 Ignition                 Fire           2%         3d3       100%        8
 Infestation              Necr           2%         N/A       100%        8
 Maxwell's Capacitive Co  Air            2%         ∞         100%        8


Dungeon Overview and Level Annotations

Branches:
Dungeon (9/15)             Temple (1/1) D:6            Lair (3/5) D:9
  Sewer (visited)
  Swamp: Lair:2-3    Shoals: Lair:2-3     Snake: Lair:2-3    Spider: Lair:2-3
    Orc: D:9-12

Altars:
Ashenzari
Cheibriados
Dithmenos
Elyvilon
Fedhas
Gozag
Hepliaklqana
Kikubaaqudgha
Makhleb
Nemelex Xobeh
Okawaru
Qazlal
Ru
Sif Muna
Trog
Uskayaw
Vehumet
Wu Jian
Xom
Zin
The Shining One

Shops:
D:1 ?[:(   D:3 (   D:7 :

Annotations:
D:4 exclusion: oklob plant


Innate Abilities, Weirdness & Mutations

You are small and have problems with some larger weapons.
You are completely attuned to the shadows.


Message History

You hit the boulder beetle but do no damage.
The boulder beetle is severely wounded.
You hit the boulder beetle but do no damage.
The boulder beetle is severely wounded.
The boulder beetle leaps!
You see here a blink frog corpse.
You miss the blink frog. The blink frog hits you!
Aiming: Ensorcelled Hibernation (safe; 1% risk of failure)
Press: ? - help, Q - select action, (/) - cycle Shift-Dir - straight line, f - blink frog
Aim: a blink frog (chance to affect: 42%)
The blink frog resists with some effort.
The blink frog hits you.
Aiming: Ensorcelled Hibernation (safe; 1% risk of failure)
Press: ? - help, Q - select action, (/) - cycle Shift-Dir - straight line, f/p - blink frog
Aim: a blink frog (chance to affect: 42%)
The blink frog resists with some effort.
The blink frog completely misses you.
The boulder beetle completely misses you.
You see here a blink frog corpse.
The blink frog attacks as it pursues you!
The blink frog closely misses you.
Things that are here:
a blink frog corpse; a polar bear corpse The blink frog blinks!
A naga comes into view. It is wielding a +0 halberd.
The boulder beetle bites you!
The boulder beetle curls into a ball and begins rolling!
Found a flail.
The boulder beetle hits you!!
* * * LOW HITPOINT WARNING * * *
The boulder beetle stops rolling and uncurls.
You hear a shout! x3
Okay, then.
As you read the scroll of teleportation, it crumbles to dust.
You feel strangely unstable.
You hear an angry hiss.
A naga comes into view. It is wielding a +0 morningstar.
A naga comes into view. It is wielding a +0 dire flail.
The boulder beetle bites you!
You die...

..###..######..........
...#..#.B†.†§.........
#.....#######........
#..##.......##......
##...###.....N##....
##..P## #.#.#.. #..
#....# #°..... #..###
#B#.#. ##..# #@...N
###..## #...#N #.#..#
##..). #..## #... ##.##
#.. #..## ##..P#
##...## #...##


You could see a boulder beetle and 2 nagas.

Vanquished Creatures
  A two-headed ogre (D:9)
  Nergalle (Lair:1)
  4 black mambas
  2 elephants (Lair:1)
  Maggie (D:7)
  5 cane toads
  2 rime drakes
  4 komodo dragons
  A polar bear (Lair:3)
  A hornet (D:7)
  A burning bush (Lair:1)
  15 blink frogs
  Prince Ribbit (D:7)
  A wraith (D:7)
  2 wyverns (D:9)
  12 yaks
  4 water moccasins
  A sky beast (D:7)
  An orc warrior (D:9)
  2 black bears
  4 wolves (Lair:2)
  A phantom (D:4)
  A centaur (D:8)
  2 kobold brigands
  2 gnoll sergeants
  7 bullfrogs
  4 scorpions
  4 wights (D:8)
  6 killer bees (D:9)
  3 jellies
  5 orc priests
  A gnoll bouda (D:7)
  2 hounds
  A sleepcap (D:5)
  An iguana (D:5)
  5 orc wizards
  A hell rat (Sewer)
  25 gnolls
  2 river rats (Sewer)
  14 adders
  A shadow imp (D:7)
  A white imp (D:5)
  2 worms
  4 dart slugs
  29 orcs
  10 ball pythons
  2 endoplasms
  5 goblins
  6 hobgoblins
  5 jackals
  19 kobolds
  5 quokkas
  6 bats
  2 frilled lizards (D:3)
  13 rats
263 creatures vanquished.

Notes
Turn   | Place    | Note
-------+----------+-------------------------------------------
     0 | D:1      | voltaire321 the Kobold Enchanter began the quest for the
                  | Orb.
     0 | D:1      | Reached XP level 1. HP: 10/10 MP: 3/3
    16 | D:1      | Found Powka's Magic Scroll Shoppe.
    49 | D:1      | Found Sonyg's Antique Armour Shoppe.
    75 | D:1      | Reached XP level 2. HP: 15/15 MP: 5/5
    87 | D:1      | Learned a level 2 spell: Ensorcelled Hibernation
   208 | D:1      | Found Saag's Weapon Shoppe.
   355 | D:1      | Reached XP level 3. HP: 20/20 MP: 6/6
   381 | D:1      | Found Ifathrur's Book Emporium.
   895 | D:2      | Reached skill level 1 in Fighting
   895 | D:2      | Reached XP level 4. HP: 25/25 MP: 7/7
  1106 | D:2      | Found a shimmering altar of Xom.
  1114 | D:2      | Reached skill level 1 in Armour
  1128 | D:2      | Reached skill level 1 in Ice Magic
  1141 | D:2      | Reached XP level 5. HP: 29/29 MP: 8/8
  1453 | D:2      | Learned a level 2 spell: Jinxbite
  1520 | D:3      | Found Teohig's Antique Weapon Shop.
  2559 | D:3      | Reached XP level 6. HP: 23/34 MP: 8/10
  2950 | D:4      | Noticed an oklob plant
  2958 | D:4      | Found a blossoming altar of Fedhas.
  3251 | D:4      | Reached skill level 5 in Stealth
  3573 | D:5      | Entered Level 5 of the Dungeon
  3578 | D:5      | Reached XP level 7. HP: 22/40 MP: 11/11
  3945 | D:5      | Found a glowing drain.
  3962 | Sewer    | Entered a sewer
  4267 | D:5      | Learned a level 3 spell: Tukima's Dance
  4297 | D:5      | Learned a level 1 spell: Apportation
  4456 | D:5      | Reached XP level 8. HP: 43/45 MP: 10/13
  4910 | D:6      | Found a staircase to the Ecumenical Temple.
  4916 | Temple   | Entered the Ecumenical Temple
  4929 | Temple   | Became a worshipper of the Wu Jian Council
  5433 | D:6      | Found an iron altar of Okawaru.
  5620 | D:7      | Noticed Prince Ribbit
  5626 | D:7      | Killed Prince Ribbit
  5627 | D:7      | Reached skill level 6 in Stealth
  5690 | D:7      | Found Fipuided's Vocational Training.
  5753 | D:7      | Found a hazy altar of Hepliaklqana.
  5843 | D:7      | Reached skill level 5 in Short Blades
  5932 | D:7      | Noticed a wraith
  5978 | D:7      | Killed a wraith
  5979 | D:7      | Reached skill level 5 in Dodging
  6107 | D:7      | Reached XP level 9. HP: 19/52 MP: 12/15
  6239 | D:7      | Found a snail-covered altar of Cheibriados.
  6735 | D:7      | Found a white marble altar of Elyvilon.
  6736 | D:7      | Found a sparkling altar of Nemelex Xobeh.
  6838 | D:7      | Noticed Maggie
  6843 | D:7      | Killed Maggie
  6844 | D:7      | Reached skill level 7 in Stealth
  6844 | D:7      | Reached skill level 5 in Hexes
  7035 | D:8      | Learned a level 3 spell: Frozen Ramparts
  7043 | D:8      | Noticed a hornet
  7078 | D:7      | Killed a hornet
  7195 | D:8      | Reached * piety under Wu Jian
  7766 | D:8      | Reached XP level 10. HP: 56/58 MP: 14/17
  7993 | D:8      | Reached skill level 5 in Spellcasting
  8139 | D:9      | Reached skill level 5 in Fighting
  8240 | D:9      | Noticed a two-headed ogre
  8245 | D:9      | Killed a two-headed ogre
  8246 | D:9      | Reached skill level 8 in Stealth
  8295 | D:9      | Found a shadowy altar of Dithmenos.
  8680 | D:9      | Found a staircase to the Lair.
  8861 | D:9      | Found a stormy altar of Qazlal.
  9180 | Lair:1   | Entered Level 1 of the Lair of Beasts
  9225 | Lair:1   | Noticed a rime drake
  9248 | D:9      | Killed a rime drake
  9249 | D:9      | Reached skill level 5 in Ice Magic
  9337 | Lair:1   | Noticed a cane toad
  9341 | Lair:1   | Killed a cane toad
  9341 | Lair:1   | Reached ** piety under Wu Jian
  9342 | Lair:1   | Reached skill level 9 in Stealth
  9342 | Lair:1   | Reached XP level 11. HP: 54/64 MP: 11/18
  9415 | Lair:1   | Noticed Nergalle
  9438 | Lair:1   | Killed Nergalle
 10142 | Lair:1   | Reached skill level 5 in Armour
 10241 | Lair:1   | Noticed an elephant
 10243 | Lair:1   | Noticed an elephant
 10243 | Lair:1   | Noticed an elephant
 10247 | Lair:1   | Noticed an elephant
 10485 | Lair:1   | Reached skill level 10 in Stealth
 10523 | Lair:1   | Killed an elephant
 10588 | Lair:1   | Killed an elephant
 11083 | Lair:2   | Reached XP level 12. HP: 71/72 MP: 16/19
 11438 | Lair:2   | Reached skill level 11 in Stealth
 11492 | Lair:2   | Reached skill level 10 in Short Blades
 12448 | Lair:3   | Noticed a boulder beetle
 12503 | Lair:3   | HP: 1/75 [boulder beetle (30)]
 12504 | Lair:3   | Mangled by a boulder beetle

Illustrated notes

Levels and vault maps discovered:
D:1:      tarquinn_simple_flora_water_f, layout_rooms, serial_shops, shop, shop,
          nicolae_shop_hallway_stairs, shop, minmay_octomino_e4
D:2:      minmay_spotlight, layout_rooms, basic_altar
D:3:      layout_loops_ring, serial_shops, shop, chequers_mini_garden,
          nicolae_titane
D:4:      layout_basic, tgw_fedhas
D:5:      layout_loops_ring, portal_sewer_entry_d,
          corexii_item_surrounded_by_moat
D:6:      layout_cave_pods, okawaru_gym_becter,
          minmay_temple_entry_gardened_gates
D:7:      layout_gridville, overflow_temple_1_default, nicolae_overflow_squiral,
          lemuel_coloured_pillars_altar, nicolae_shop_vocational, uniq_maggie,
          uniq_prince_ribbit1
D:8:      layout_cave_pools, minivault_26, chequers_jeans
D:9:      layout_basic, grunt_dithmenos_smoke, mainiacjoe_overflow_alcove_2,
          lair_entry_dummy
Temple:   compressed_dpeg_triangle_lava_temple
Lair:1:   layout_regular_city, evilmike_ambush [evilmike_ambush_outer_pillars,
          evilmike_ambush_inner_basic], uniq_nergalle
Lair:2:   layout_regular_city, minmay_stone_trees_small, st_stairs_13
Lair:3:   layout_cave_pods, elwin_shoals_entry_rooms,
          minmay_snake_entry_guardpost_large, uniq_nessos

Skill      XL: |  1  2  3  4  5  6  7  8  9 10 11 12 |
---------------+-------------------------------------+-----
Short Blades   | 2 3 4 5 6 7 9 10 | 10.0
Fighting       | 1 2 3 4 6 7 8 |  8.5
Dodging        | 3 4 5 6 7 8 9 |  9.6
Armour         | 1 2 3 4 5 |  5.0
Ice Magic      | 1 2 3 4 5 6 |  6.0
Stealth        | 5 6 7 9 10 11 | 11.6
Spellcasting   | 3 4 5 |  5.0
Hexes          | 4 5 6 7 8 |  8.4

Action                     |  1- 3 |  4- 6 |  7- 9 | 10-12 || total
---------------------------+-------+-------+-------+-------++-------
  Melee: Dagger            |    12 |       |       |       ||    12
         Short sword       |    23 |   188 |   345 |   447 ||  1003
         Punch             |       |     1 |     1 |    10 ||    12
   Cast: Ensorcelled Hiber |     5 |     7 |    51 |   105 ||   168
         Jinxbite          |       |    14 |    14 |     2 ||    30
         Apportation       |       |       |     1 |       ||     1
Ability: Lunge             |       |       |    14 |    31 ||    45
         Whirlwind         |       |       |       |    11 ||    11
  Evoke: Wand              |       |       |       |     5 ||     5
    Use: Scroll            |       |    12 |     4 |    10 ||    26
         Potion            |       |       |     4 |     2 ||     6
   Stab: Sleeping          |    23 |    17 |    54 |    71 ||   165
         Distracted        |       |     1 |     1 |     4 ||     6
 Armour: Robe              |     4 |    84 |   121 |       ||   209
         Steam dragon scal |       |       |    49 |   176 ||   225
  Dodge: Dodged            |    26 |   125 |   253 |   267 ||   671

Table legend: (Time is in decaauts)
 A = Elapsed time spent in this place.
 B = Non-inter-level travel time spent in this place.
 C = Inter-level travel time spent in this place.
 D = Time resting spent in this place.
 E = Time spent auto-exploring this place.
 F = Levels seen in this place.
 G = Mean time per level.
                   A        B        C        D        E       F      G
               +--------+--------+--------+--------+--------+-----+--------+
         Total |  12260 |  11816 |    444 |   2442 |   6757 |  14 |  875.7 |
       Dungeon |   8945 |   8540 |    405 |   1521 |   5221 |   9 |  993.9 |
        Temple |     26 |     26 |      0 |      0 |      0 |   1 |   26.0 |
          Lair |   3073 |   3034 |     39 |    818 |   1514 |   3 | 1024.3 |
         Sewer |    214 |    214 |      0 |    103 |     22 |   1 |  214.0 |
               +--------+--------+--------+--------+--------+-----+--------+

Top non-repeatable levels by time:
  Lair:1: 1653 daAuts
     D:7: 1501 daAuts
  Lair:2: 1326 daAuts
     D:9: 1140 daAuts
     D:3: 1108 daAuts
     D:4: 1013 daAuts
     D:8: 959 daAuts
     D:6: 919 daAuts
     D:5: 822 daAuts
     D:2: 749 daAuts
     D:1: 729 daAuts
   Sewer: 214 daAuts
  Lair:3: 93 daAuts
  Temple: 26 daAuts
